 Dungeon Sprint DCSS version 0.29-a0-789-g7a8fcbc185 (webtiles) character file.

Game seed: 15252412723732902970

235 Hipnos the Fighter (level 5, -4/84 HPs)
             Began as a Minotaur Fighter on July 3, 2022.
             Slain by a boulder beetle (25 damage)
             ... in the Dungeon (Sprint II: "The Violet Keep of Menkaure").
             The game lasted 00:00:35 (221 turns).

Hipnos the Fighter (Minotaur Fighter)                Turns: 221, Time: 00:00:35

Health: -4/84      AC:  8    Str: 22    XL:     5   Next: 76%
Magic:  4/4        EV:  9    Int:  5    God:
Gold:   0          SH:  5    Dex: 10    Spells: 4/4 levels left

rFire   . . .      SeeInvis .   a - +0 long sword
rCold   . . .      Faith    .   c - +0 buckler
rNeg    . . .      Spirit   .   b - +0 scale mail
rPois   .          Reflect  .   (helmet restricted)
rElec   .          Harm     .   (no cloak)
rCorr   .          Rampage  .   (no gloves)
Will    .....      NoTele   +   (no boots)
Stlth   ..........              (no amulet)
HPRegen 0.24/turn               (no ring)
MPRegen 0.09/turn               (no ring)

@: berserking (expiring), very quick
A: horns 2, retaliatory headbutt
a: no special abilities


You were in the Dungeon.
You visited 1 branch

Inventory:

Hand Weapons
 a - a +0 long sword (weapon)
Armour
 b - a +0 scale mail (worn)
 c - a +0 buckler (worn)
Scrolls
 j - a scroll of blinking
Potions
 d - a potion of might
 f - a potion of heal wounds
 g - a potion of haste
 h - 2 potions of magic


   Skills:
 + Level 8.5 Fighting
 + Level 6.3 Long Blades
 + Level 8.3 Armour
 + Level 8.3 Shields


You had 4 spell levels left.
You didn't know any spells.
Your spell library was empty.

Dungeon Overview and Level Annotations

Branches:
Dungeon (1/1)

Altars:


Innate Abilities, Weirdness & Mutations

You have a pair of horns on your head.
You reflexively headbutt those who attack you in melee.


Message History

Your Shields skill increases to level 8!
There is an open door here.
Items here: ††††.
You start resting.
HP restored.
There is a staircase leading out of the dungeon here.
You open the door. 2 boulder beetles come into view.
The boulder beetle leaps!
Found 243 gold pieces.
A red film seems to cover your vision as you go berserk!
You feel yourself moving faster!
You feel mighty!
You completely miss the boulder beetle. You headbutt the boulder beetle!
The boulder beetle is lightly wounded.
You hit the boulder beetle but do no damage.
The boulder beetle is lightly wounded.
You block the boulder beetle's attack.
You completely miss the boulder beetle.
You headbutt the boulder beetle, but do no damage.
The boulder beetle is lightly wounded.
The boulder beetle bites you but does no damage.
You slash the boulder beetle! You headbutt the boulder beetle.
The boulder beetle is moderately wounded.
You slash the boulder beetle!
The boulder beetle is heavily wounded.
The boulder beetle bites you but does no damage.
You block the boulder beetle's attack.
You slash the boulder beetle!
The boulder beetle is heavily wounded.
The boulder beetle bites you! x2
You hit the boulder beetle but do no damage.
The boulder beetle is heavily wounded.
You hit the boulder beetle.
The boulder beetle is severely wounded.
The boulder beetle bites you! The boulder beetle bites you!!
* * * LOW HITPOINT WARNING * * *
You hit the boulder beetle but do no damage.
The boulder beetle is severely wounded.
The boulder beetle bites you!!
You die...

## # #.# #+#
.##
#..##.##...#
#†.B@B#
#..##.##$..#
#.# #+# .##
## #


You could see 2 boulder beetles.

Vanquished Creatures
  4 scorpions (D)
4 creatures vanquished.

Notes
Turn   | Place    | Note
-------+----------+-------------------------------------------
     0 | D        | Hipnos the Minotaur Fighter began the quest for the Orb.
     0 | D        | Reached XP level 1. HP: 19/19 MP: 0/0
     1 | D        | Noticed a scorpion
     1 | D        | Noticed a scorpion
     1 | D        | Noticed a scorpion
     1 | D        | Noticed a scorpion
     4 | D        | Killed a scorpion
     5 | D        | Reached skill level 5 in Armour
     5 | D        | Reached skill level 5 in Shields
     5 | D        | Reached XP level 2. HP: 30/30 MP: 1/1
     5 | D        | Reached XP level 3. HP: 37/37 MP: 2/2
    11 | D        | Killed a scorpion
    12 | D        | Reached XP level 4. HP: 40/47 MP: 3/3
    18 | D        | Killed a scorpion
    19 | D        | Reached skill level 5 in Long Blades
    19 | D        | Reached XP level 5. HP: 20/53 MP: 4/4
   211 | D        | Noticed a boulder beetle
   211 | D        | Noticed a boulder beetle
   221 | D        | Slain by a boulder beetle

Illustrated notes

Levels and vault maps discovered:
D:        the_violet_keep_of_menkaure [sprint2_stairs_cluster_1,
          sprint2_shoproom, sprint2_temple, sprint2_basic_supplies,
          sprint2_obstacle_3, sprint2_obstacle_7, sprint2_obstacle_2,
          sprint2_obstacle_5, sprint2_obstacle_1, sprint2_timed_cluster_1,
          sprint2_smallroom_cluster_1, sprint2_smallroom_final_cluster_1,
          sprint2_transparent_cluster_1, sprint2_second_timed_cluster_1,
          sprint2_sniper_area_1, sprint2_heavy_combat_area_1,
          sprint2_mutation_trap_area_1, sprint2_forest_area_1,
          sprint2_light_combat_area_1, sprint2_behind_water_1,
          sprint2_near_end_vault_1]

Skill      XL: |  1  2  3  4  5 |
---------------+----------------+-----
Fighting       | 6 7 8 |  8.5
Long Blades    | 3 4 5 6 |  6.3
Armour         | 5 7 8 |  8.3
Shields        | 5 7 8 |  8.3

Action                   |  1- 3 |  4- 6 || total
-------------------------+-------+-------++-------
Melee: Long sword        |     9 |    17 ||    26
       Headbutt          |     4 |     4 ||     8
  Use: Potion            |       |     2 ||     2
Armor: Scale mail        |     2 |     5 ||     7
Dodge: Dodged            |     2 |     3 ||     5
Block: Buckler           |     5 |     3 ||     8

Table legend: (Time is in decaauts)
 A = Elapsed time spent in this place.
 B = Non-inter-level travel time spent in this place.
 C = Inter-level travel time spent in this place.
 D = Time resting spent in this place.
 E = Time spent auto-exploring this place.
 F = Levels seen in this place.
 G = Mean time per level.
                   A        B        C        D        E       F      G
               +--------+--------+--------+--------+--------+-----+--------+
         Total |    222 |    222 |      0 |    186 |      0 |   1 |  222.0 |
       Dungeon |    222 |    222 |      0 |    186 |      0 |   1 |  222.0 |
               +--------+--------+--------+--------+--------+-----+--------+

Top non-repeatable levels by time:
       D: 222 daAuts
